 Dungeon Crawl Stone Soup version 0.16.0 (webtiles) character file.

37367 Sixotanaka the Brawler (level 13, -4/117 HPs)
             Began as a Troll Warper on Mar 19, 2015.
             Was the Champion of Makhleb.
             Slain by Snorg (10 damage)
             ... on level 7 of the Lair of Beasts.
             The game lasted 00:54:42 (15591 turns).

Sixotanaka the Brawler (Troll Warper)              Turns: 15591, Time: 00:54:42

Health: -4/117     AC: 13    Str: 26    XL:     13   Next: 58%
Magic:  0/22       EV: 17    Int:  9    God:    Makhleb [******]
Gold:   1172       SH:  0    Dex: 13    Spells: 5 memorised, 2 levels left

rFire  . . .     SeeInvis .       - Unarmed
rCold  + . .     Clarity  .     C - +1 robe {rC+}
rNeg   + . .     SustAb   .     (shield restricted)
rPois  .         Gourm    +     Y - +2 hat of the Bear Spirit {Spirit, +Rage rN+ MR++}
rElec  .         Spirit   +     x - +2 cloak
rCorr  .         Warding  .     (gloves unavailable)
rMut   .         Stasis   .     (boots unavailable)
MR     ++...                    I - amulet of regeneration
Stlth  +.........               N - +3 ring of evasion
                                w - +4 ring of strength

@: very resistant to hostile enchantments, very unstealthy
A: unfitting armour, claws 3, yellow scales 1, fast metabolism 3, gourmand,
regeneration 2, shaggy fur 1, tough skin 2
a: Minor Destruction, Lesser Servant of Makhleb, Major Destruction, Greater
Servant of Makhleb, Renounce Religion, Evoke Berserk Rage


You were on level 7 of the Lair of Beasts.
You worshipped Makhleb.
Makhleb was exalted by your worship.
You were very hungry.

You visited 2 branches of the dungeon, and saw 20 of its levels.
You also visited: Ossuary, Bailey and Ice Cave.

You collected 1652 gold pieces.
You spent 480 gold pieces at shops.


Innate Abilities, Weirdness & Mutations

You are too large for most types of armour.
You have claws for hands.
Your metabolism is lightning-fast.
You like to eat raw meat.
You heal very quickly.
You are covered in fur (AC +1).
You have very tough skin (AC +2).
You are partially covered in yellow scales (AC +2).


   Skills:
 + Level 4.5 Fighting
 - Level 7.1 Throwing
 - Level 0.7 Armour
 - Level 9.2 Dodging
 - Level 15.3 Unarmed Combat
 - Level 1.2 Spellcasting
 - Level 2.1 Translocations
 - Level 9.3 Invocations
 + Level 2.6 Evocations


You had 2 spell levels left.
You knew the following spells:

 Your Spells              Type           Power        Failure   Level  Hunger
a - Shroud of Golubria    Chrm/Tloc      #.........   38%         2    ###....
b - Blink                 Tloc           N/A          21%         2    ###....
e - Apportation           Tloc           #.........   14%         1    ##.....
u - Passage of Golubria   Tloc           N/A          97%         4    #####..
y - Portal Projectile     Tloc           #.....       43%         3    ####...


Dungeon Overview and Level Annotations

Branches:
Dungeon (13/15)            Temple (0/1) D:7            Lair (7/8) D:11
 Shoals (0/5) Lair:4       Spider (0/5) Lair:6          Orc (0/4) D:12
  Slime: Lair:6-8    Vaults: D:13-14

Altars:
Dithmenos
Kikubaaqudgha
Makhleb
Xom
Yredelemnul
Zin

Shops:
D:6 %   D:10 =   D:12 (

Annotations:
Lair:3 exclusion: oklob plant
Lair:7 Snorg

Inventory:

Hand weapons
 l - a +0 blowgun
Missiles
 e - 2 tomahawks of dispersal {!f}
 t - 13 poisoned needles
 H - 5 large rocks (quivered)
 S - 33 tomahawks of returning
Armour
 x - a +2 cloak (worn)
 C - a +1 robe of cold resistance (worn)
   (You took it off Fannar on level 6 of the Lair of Beasts)
 Y - the +2 hat of the Bear Spirit (worn) {Spirit, +Rage rN+ MR++}
   (You found it in an ice cave)

   It protects you from negative energy.
   It affects your resistance to hostile enchantments.
   It lets you go berserk.
Magical staves
 n - an uncursed staff of poison {unknown}
Rods
 c - a +3 iron rod (0/12)
   (You found it on level 5 of the Lair of Beasts)
Jewellery
 f - an uncursed ring of protection from cold
 w - a +4 ring of strength (left claw)
 I - an amulet of regeneration (around neck)
 N - a +3 ring of evasion (right claw)
 W - a cursed ring of teleportation {unknown}
Magical devices
 p - a wand of confusion (34)
 z - a wand of digging (8)
 K - a wand of draining (6)
 O - a wand of disintegration (6)
Scrolls
 b - a scroll of torment {unknown}
 d - a scroll of blinking
 h - a scroll of amnesia
 i - 11 scrolls of teleportation {@r4}
 k - 2 scrolls of magic mapping
 v - a scroll of brand weapon {unknown}
 y - 2 scrolls of fear
 Q - a scroll of recharging
 V - 5 scrolls of remove curse {@r2}
 X - a scroll of acquirement {unknown}
Potions
 g - 3 potions of cancellation
 j - 2 potions of magic
 m - 5 potions of flight
 o - a potion of agility
 r - 3 potions of brilliance
 s - 7 potions of curing {@q1}
 u - a potion of resistance
 D - 3 potions of might
 E - 8 potions of haste {@q3}
 F - a potion of invisibility
 G - 4 potions of restore abilities
 L - 3 potions of heal wounds {@q2}
 P - a potion of lignification {!q}
 T - a potion of ambrosia {unknown}
Books
 J - a Necronomicon {highlevel, unknown}
Miscellaneous
 U - a phantom mirror
Comestibles
 a - 13 meat rations
 q - a bread ration
 A - 29 fruits
 B - 5 beef jerkies
 R - 8 royal jellies

###### ##....###
. #.#...#.# ...
#......## ....
#.......# .....
##.^....#
.......##.<.....#
....(.(T@#.....##
...............#
♣♣♣P♣...†.....#
♣P#P♣.......##
##P♣.......#
♣P♣.......#
P♣♣....#### ♣♣
.....# .......


You could see Snorg (berserk).


Message History

You are no longer poisoned.
You see here a black mamba corpse.
You see here a buckler.
Found a hardcover book.
J - a hardcover book {highlevel} You enter the shallow water.
Moving in this stuff is going to be slow.
Partly explored, can't reach some places.
Okay, then.
Partly explored, can't reach some places.
Partly explored, can't reach some places.
Partly explored, can't reach some places.
Partly explored, can't reach some places.
You see here a robe.
There is a stone staircase leading down here.
You climb downwards.
A black mamba comes into view.
You found a shadow trap!
There is a stone staircase leading up here.
The black mamba bites you but does no damage.
The black mamba completely misses you.
You scratch the black mamba but do no damage.
The black mamba closely misses you. The black mamba misses you.
You mangle the black mamba!!!
You kill the black mamba!
Makhleb accepts your kill.
No target in view!
No target in view!
There is a stone staircase leading up here.
Snorg the Insatiable comes into view.
Snorg shouts!
Okay, then.
Okay, then.
Wield which item (- for none, * to show all)? (? for menu, Esc to quit)
c - a +3 iron rod (12/12) (weapon)
You throw a large rock. The large rock hits Snorg!
Okay, then.
The burst of metal fragments hits Snorg.
You are feeling hungry.
The burst of metal fragments hits Snorg. x3
You are feeling very hungry.
Snorg goes berserk!
The rod doesn't have enough magic points.
Wield which item (- for none, * to show all)? (? for menu, Esc to quit)
You are now empty-clawed.
You throw a large rock. The large rock hits Snorg!!!
Snorg rages.
You closely miss Snorg. Snorg bites you!! Snorg claws you.
Snorg claws you but does no damage.
You scratch Snorg.
Snorg begins to bleed from his wounds!
Snorg bites you! Snorg claws you! Snorg barely misses you.
You barely miss Snorg. Snorg misses you. Snorg claws you! Snorg misses you.
You barely miss Snorg. Snorg closely misses you. Snorg completely misses you.
Snorg claws you!
You closely miss Snorg. Snorg closely misses you. Snorg claws you.
Snorg claws you!
* * * LOW HITPOINT WARNING * * *
Snorg bites you but does no damage. Snorg misses you. Snorg claws you!
* * * LOW HITPOINT WARNING * * *
You scratch Snorg but do no damage. You claw Snorg!
Snorg is no longer bleeding.
Snorg bites you!
* * * LOW HITPOINT WARNING * * *
Snorg claws you.
* * * LOW HITPOINT WARNING * * *
Snorg claws you.
* * * LOW HITPOINT WARNING * * *
You closely miss Snorg. Your claw misses Snorg. Snorg bites you!!
* * * LOW HITPOINT WARNING * * *
Snorg claws you!
You die...

Action                   |  1- 3 |  4- 6 |  7- 9 | 10-12 | 13-15 || total
-------------------------+-------+-------+-------+-------+-------++-------
Melee: Unarmed           |    77 |   120 |   332 |   780 |   317 ||  1626
Throw: Tomahawk          |       |       |       |     4 |     1 ||     5
       Large rock        |       |       |       |    21 |     6 ||    27
 Cast: Shroud of Golubri |       |     2 |       |     3 |     1 ||     6
Evoke: Wand              |       |       |       |       |     2 ||     2
       Rod               |       |       |       |       |     2 ||     2
  Use: Scroll            |       |     1 |     9 |    14 |     7 ||    31
       Potion            |       |       |       |     1 |     1 ||     2
 Stab: Distracted        |       |       |       |     1 |       ||     1
       Sleeping          |       |       |       |     1 |     1 ||     2
  Eat: Chunk             |    12 |    10 |    29 |    49 |    29 ||   129
       Pizza             |       |       |       |     1 |       ||     1
       Bread ration      |       |       |       |     1 |     2 ||     3

Vault maps used:
D:1:      grunt_arrival_lava_bath
D:2:      kennysheep_vampire_church, grunt_temple_overflow_order_and_chaos_1,
          minmay_gold_behind_fungi
D:3:      yredelemnul_altar_generic
D:4:      first_bread, minmay_close_crescents, uniq_grinder
D:5:      serial_corexii_hall, corexii_hall_statues_deadend,
          corexii_hall_statues_l, basic_altar
D:6:      basic_altar, serial_shops, kennysheep_mini
D:7:      minmay_temple_entry_overgrown, gup_ossuary_entry_pyramid, uniq_edmund
D:9:      david_nohive_1
D:10:     minmay_lair_entry_grove, serial_shops, shop, enter_bailey_7,
          hangedman_abyss_or_decor_jellyfish_corner, bh_chokoban,
          lemuel_statue_altar
D:11:     david_lair_shrubbed, basic_altar, mrwooster_statue_mirror, uniq_psyche
D:12:     orc_david_3, serial_shops, shop, minivault_24, grunt_dithmenos_smoke
Lair:1:   lemuel_fruit_tree, grunt_megastairs_4
Lair:2:   portal_ice_cave_entry_imps, infiniplex_staircase_pool, uniq_gastronok
Lair:3:   lemuel_slime
Lair:4:   shoals_dummy_entry
Lair:5:   grunt_megastairs_3, serial_bayou_shore_b, infiniplex_staircase_pool_2
Lair:6:   dummy_spider_entry, serial_bayou_shore_b, grunt_megastairs_5,
          uniq_fannar
Lair:7:   wad_woods_road_06, uniq_snorg, uniq_harold, uniq_rupert
Ossuary:  ossuary_tomb_1
Bailey:   bailey_axe_4, bailey
IceCv:    ice_cave_statue_garden_02

Notes
Turn   | Place    | Note
--------------------------------------------------------------
     0 | D:1      | Sixotanaka, the Troll Warper, began the quest for the Orb.
     0 | D:1      | Reached XP level 1. HP: 19/19 MP: 2/2
   119 | D:1      | Reached XP level 2. HP: 14/27 MP: 2/2
   271 | D:1      | Reached skill level 3 in Unarmed Combat
   491 | D:2      | Found a shimmering altar of Xom.
   491 | D:2      | Found a glowing silver altar of Zin.
   491 | D:2      | Noticed an angel
   580 | D:2      | Reached XP level 3. HP: 30/33 MP: 3/3
   625 | D:2      | Reached skill level 4 in Unarmed Combat
   871 | D:2      | Reached XP level 4. HP: 41/41 MP: 4/4
  1004 | D:2      | Found an ancient bone altar of Kikubaaqudgha.
  1004 | D:2      | Noticed a vampire bat
  1004 | D:2      | Noticed a vampire bat
  1006 | D:2      | Noticed a vampire bat
  1008 | D:2      | Killed a vampire bat
  1008 | D:2      | Reached skill level 5 in Unarmed Combat
  1012 | D:2      | Killed a vampire bat
  1012 | D:2      | Reached XP level 5. HP: 43/48 MP: 4/4
  1017 | D:2      | Killed a vampire bat
  1218 | D:2      | Learned a level 2 spell: Blink
  1221 | D:2      | Learned a level 2 spell: Shroud of Golubria
  1247 | D:3      | Found a basalt altar of Yredelemnul.
  1250 | D:3      | Reached skill level 6 in Unarmed Combat
  1387 | D:3      | Reached XP level 6. HP: 55/55 MP: 5/5
  1624 | D:3      | Fiveotanaka: you got my text btw?
  1624 | D:3      | Sixotanaka: ye i did
  1647 | D:3      | Sixotanaka: need to figure out how to get there
  1647 | D:3      | Sixotanaka: i've only driven there with phil
  1837 | D:4      | Reached skill level 7 in Unarmed Combat
  1930 | D:4      | Noticed Grinder
  1945 | D:4      | Paralysed by Grinder for 4 turns
  1954 | D:4      | Paralysed by Grinder for 7 turns
  1972 | D:4      | Killed Grinder
  1972 | D:4      | Reached skill level 8 in Unarmed Combat
  1972 | D:4      | Reached XP level 7. HP: 62/62 MP: 1/5
  1995 | D:4      | Noticed a yak
  2004 | D:4      | Sixotanaka: yak on d4
  2004 | D:4      | Sixotanaka: woha
  2011 | D:4      | Noticed a yak
  2012 | D:4      | Fiveotanaka: its that big park on heidelberg rd
  2013 | D:4      | Noticed a yak
  2013 | D:4      | Noticed a yak
  2015 | D:4      | Noticed a yak
  2015 | D:4      | Fiveotanaka: wow
  2015 | D:4      | Killed a yak
  2026 | D:4      | Fiveotanaka: well youre a troll
  2026 | D:4      | Sixotanaka: o it's on heidelberg road?
  2041 | D:4      | Fiveotanaka: near the yarra
  2049 | D:3      | Killed a yak
  2049 | D:3      | Reached skill level 9 in Unarmed Combat
  2050 | D:3      | Sixotanaka: i live on what heidelberg road becomes
  2238 | D:3      | Fiveotanaka: well its easy for you
  2379 | D:4      | Fiveotanaka: im pretty sure rose is talking about that park you guys go to
  2418 | D:4      | Sixotanaka: all nations?
  2430 | D:4      | Fiveotanaka: not that one
  2430 | D:4      | Fiveotanaka: goon point
  2430 | D:4      | Sixotanaka: darebin park lands?
  2430 | D:4      | Fiveotanaka: westfield reserve I believe?
  2430 | D:4      | Sixotanaka: idk that one
  2499 | D:4      | Fiveotanaka: https://www.google.com.au/maps/@-37.7865038,145.0107797,16z
  2628 | D:4      | Reached XP level 8. HP: 67/70 MP: 6/6
  2771 | D:4      | Fiveotanaka: a single ugly thing got my char under 20 HP from full..
  2771 | D:4      | Fiveotanaka: and i only took out 20% of its health
  2771 | D:4      | Sixotanaka: ya ugly things are brutal
  2771 | D:4      | Sixotanaka: o
  2771 | D:4      | Fiveotanaka: normally i fuck em up
  2771 | D:4      | Sixotanaka: we dont go there often
  2771 | D:4      | Fiveotanaka: but that one had some serious rng
  2799 | D:4      | Fiveotanaka: considering it was on water and me land
  2995 | D:3      | Killed a yak
  2995 | D:3      | Reached skill level 10 in Unarmed Combat
  3124 | D:5      | Entered Level 5 of the Dungeon
  3225 | D:5      | Found a burning altar of Makhleb.
  3263 | D:5      | Sixotanaka: not as bad as my spriggan
  3263 | D:5      | Sixotanaka: from earlier
  3337 | D:5      | Fiveotanaka: when i can be bothered doing anything on my FB ill invite you to the event she set up
  3500 | D:5      | Reached skill level 11 in Unarmed Combat
  3680 | D:5      | Became a worshipper of Makhleb the Destroyer
  3866 | D:6      | Reached XP level 9. HP: 76/76 MP: 7/7
  3870 | D:6      | Found a glowing silver altar of Zin.
  3981 | D:6      | Acquired Makhleb's first power
  4107 | D:6      | Found Hotifua Thir's Food Shop.
  4376 | D:7      | Noticed Edmund
  4378 | D:7      | Reached skill level 12 in Unarmed Combat
  4390 | D:7      | Killed Edmund
  4419 | D:7      | Acquired Makhleb's second power
  4434 | D:7      | Found a sand-covered staircase.
  4444 | Ossuary  | Entered an ossuary
  4547 | Ossuary  | Acquired Makhleb's third power
  4706 | D:7      | Reached skill level 13 in Unarmed Combat
  4901 | D:7      | Found a staircase to the Ecumenical Temple.
  5098 | D:7      | Acquired Makhleb's fourth power
  5510 | D:9      | Reached XP level 10. HP: 85/85 MP: 7/7
  5545 | D:9      | Reached skill level 14 in Unarmed Combat
  5700 | D:9      | Acquired Makhleb's fifth power
  5845 | D:9      | Noticed a cyclops
  5920 | D:9      | Killed a cyclops
  6061 | D:9      | Reached skill level 15 in Unarmed Combat
  6637 | D:10     | Entered Level 10 of the Dungeon
  6639 | D:10     | Fiveotanaka: oh, looks like rose invited you
  6652 | D:9      | Fiveotanaka: thanks oka, a jewelled triple crossbow is exactly what I need
  6668 | D:10     | Reached skill level 2 in Dodging
  6680 | D:10     | Reached skill level 3 in Dodging
  6692 | D:10     | Reached skill level 4 in Dodging
  6706 | D:10     | Found Xoeblos' Jewellery Shop.
  6721 | D:10     | Found a flagged portal.
  6735 | Bailey   | Entered a bailey
  7024 | D:10     | Bought an uncursed amulet of regeneration for 480 gold pieces
  7047 | D:10     | Reached XP level 11. HP: 92/92 MP: 7/7
  7098 | D:10     | Reached skill level 5 in Dodging
  7225 | D:10     | Reached skill level 6 in Dodging
  7255 | D:10     | Found a staircase to the Lair.
  7385 | D:10     | Noticed a hill giant
  7387 | D:10     | Killed a hill giant
  7465 | D:10     | Reached skill level 7 in Dodging
  7479 | D:10     | Fiveotanaka: D: died XL 19 D:
  7485 | D:10     | Sixotanaka: lol
  7485 | D:10     | Sixotanaka: :(
  7485 | D:10     | Fiveotanaka: looks like im getting a high HP char next :P
  7485 | D:10     | Fiveotanaka: umm
  7636 | D:10     | You fall through a shaft for 2 floors!
  7648 | D:12     | Fiveotanaka: do you need me to remind you about saturday via phone?
  7766 | D:12     | Sixotanaka: umm hopefully not XD
  7766 | D:12     | Fiveotanaka: cause laser tag went really well :P
  7790 | D:12     | Found Kututaoq's Weapon Emporium.
  7791 | D:12     | Found a staircase to the Orcish Mines.
  7812 | D:12     | Reached skill level 8 in Dodging
  7957 | D:12     | Found a shadowy altar of Dithmenos.
  8077 | D:11     | Reached skill level 1 in Throwing
  8160 | D:11     | Reached skill level 2 in Throwing
  8445 | D:10     | You fall through a shaft!
  8446 | D:11     | Sixotanaka: ahfted TWICE
  8446 | D:11     | Sixotanaka: on one level
  8653 | D:10     | Reached skill level 9 in Dodging
  8731 | D:10     | Found an ancient bone altar of Kikubaaqudgha.
  8942 | D:10     | Fiveotanaka: these traps are getting deadlier
  9163 | D:10     | Fiveotanaka: it might be luck, but okas gifts got a lot shittier since i lastp layed
  9205 | D:11     | Reached skill level 3 in Throwing
  9246 | D:11     | Noticed Psyche
  9254 | D:11     | Killed Psyche
  9272 | D:11     | Reached XP level 12. HP: 100/100 MP: 9/9
  9283 | D:11     | Found a staircase to the Lair.
  9295 | D:11     | Reached skill level 4 in Throwing
  9355 | Lair:1   | Entered Level 1 of the Lair of Beasts
  9524 | Lair:1   | Reached skill level 5 in Throwing
  9592 | Lair:1   | Sixotanaka: luck yes
  9592 | Lair:1   | Sixotanaka: i got like 2 arts
  9592 | Lair:1   | Sixotanaka: the entire game on my 5 rune
  9592 | Lair:1   | Fiveotanaka: so many weapons
  9592 | Lair:1   | Fiveotanaka: and so much useless armor on my monk
  9592 | Lair:1   | Fiveotanaka: s
  9592 | Lair:1   | Fiveotanaka: makes me want to roll trog :P
  9592 | Lair:1   | Fiveotanaka: http://imgur.com/8opgFaD looks like someone put a map up of the place
  9592 | Lair:1   | Fiveotanaka: and its not where I thought it was based on the event page
  9607 | Lair:1   | Reached skill level 6 in Throwing
  9844 | Lair:1   | Fiveotanaka: you might know where it is now :P
  9844 | Lair:1   | Fiveotanaka: i think its where we had NYE celebrations once?
  9844 | Lair:1   | Fiveotanaka: maybe?
 10082 | Lair:1   | zzxc: troll smashj
 10181 | Lair:1   | zzxc: hurr
 10185 | Lair:2   | Sixotanaka: rofl
 10194 | Lair:2   | Reached skill level 7 in Throwing
 10216 | Lair:2   | Found a frozen archway.
 10216 | Lair:2   | Noticed a seven-headed hydra
 10342 | IceCv    | Entered an ice cave
 10349 | IceCv    | Reached skill level 1 in Invocations
 10368 | IceCv    | Reached skill level 2 in Invocations
 10487 | IceCv    | Reached skill level 3 in Invocations
 10497 | IceCv    | Reached skill level 4 in Invocations
 10656 | Lair:2   | Killed a seven-headed hydra
 10660 | Lair:2   | Noticed Gastronok
 10687 | Lair:2   | Killed Gastronok
 10687 | Lair:2   | Reached skill level 5 in Invocations
 10792 | Lair:2   | Reached skill level 6 in Invocations
 10803 | Lair:2   | zzxc: found another HW wand
 10810 | Lair:2   | Sixotanaka: lol
 11003 | Lair:2   | Reached skill level 7 in Invocations
 11124 | Lair:3   | Noticed a five-headed hydra
 11130 | Lair:3   | Killed a five-headed hydra
 11288 | Lair:3   | Reached XP level 13. HP: 87/106 MP: 16/20
 11468 | Lair:3   | Gained mutation: You are partially covered in yellow scales (AC +2). [potion of beneficial mutation]
 11595 | Lair:3   | Noticed a catoblepas
 11600 | Lair:3   | Killed a catoblepas
 11600 | Lair:3   | Reached skill level 8 in Invocations
 11602 | Lair:3   | zzxc: DD is epic strong
 11755 | Lair:3   | zzxc: seriously
 11763 | Lair:3   | zzxc: 20% hp
 11766 | Lair:3   | zzxc: start with heal wounds
 11769 | Lair:3   | zzxc: damage shaving
 11785 | Lair:3   | zzxc: free rN+, magic mapping etc
 11802 | Lair:3   | zzxc: +4 evoc apt, +3 invo apt
 11814 | Lair:3   | zzxc: +1 armour and dodging, 0-1 weapon apts
 11929 | Lair:3   | Noticed a five-headed hydra
 11933 | Lair:3   | zzxc: recharge wands with mp
 11934 | Lair:3   | zzxc: it's like the best streaking char
 11940 | Lair:3   | Killed a five-headed hydra
 12258 | Lair:3   | Sixotanaka: lol
 12468 | Lair:4   | Found a staircase to the Shoals.
 12873 | Lair:4   | Reached skill level 9 in Invocations
 13309 | Lair:5   | Reached skill level 2 in Fighting
 13491 | Lair:5   | Reached skill level 3 in Fighting
 13805 | Lair:5   | Learned a level 3 spell: Portal Projectile
 13810 | Lair:5   | Learned a level 4 spell: Passage of Golubria
 14180 | Lair:5   | Reached skill level 1 in Evocations
 14492 | Lair:6   | Reached skill level 4 in Fighting
 14575 | Lair:6   | Noticed Fannar
 14590 | Lair:6   | Killed Fannar
 14590 | Lair:6   | Reached skill level 2 in Evocations
 15029 | Lair:6   | Found a hole to the Spider Nest.
 15578 | Lair:7   | Noticed Snorg
 15591 | Lair:7   | HP: 6/117 [Snorg (26)]
 15591 | Lair:7   | Slain by Snorg

Vanquished Creatures
  Gastronok (Lair:2)
  Fannar (Lair:6)
  A catoblepas (Lair:3)
  3 hydras
  A death yak (Lair:5)
  3 ice statues (IceCv)
  A hill giant (D:10)
  2 cyclopes
  A centaur skeleton (D:12)
  6 black mambas
  9 spiny frogs
  7 komodo dragons
  Psyche (D:11)
  A fire drake (Lair:5)
  A queen bee (D:9)
  Grinder (D:4)
  A wraith (D:10)
  14 blink frogs
  4 slime creatures (D:11)
  2 deep elf magi
  A tarantella (Lair:6)
  2 basilisks (D:10)
  A wyvern (D:10)
  A hungry ghost (D:7)
  A trapdoor spider (D:12)
  A shadow (D:10)
  20 yaks
  7 hippogriffs
  3 wolves (Lair:5)
  8 water moccasins
  Edmund (D:7)
  A wasp (D:12)
  16 porcupines
  2 phantoms
  4 sky beasts
  13 orc warriors
  3 black bears
  A necrophage (D:6)
  12 ice beasts
  13 crocodiles
  10 centaurs
  2 elf zombies (Ossuary)
  A big kobold (D:9)
  9 giant frogs
  3 ogres
  2 wyvern skeletons
  4 scorpions
  A water moccasin skeleton (D:11)
  28 killer bees
  3 vampire bats (D:2)
  3 quasits
  2 goliath beetles (D:8)
  A giant frog zombie (D:9)
  7 crimson imps
  12 hounds
  A human zombie (Ossuary)
  11 jellies
  7 iguanas
  6 orc priests
  A giant frog skeleton (D:4)
  4 centaur zombies
  12 worker ants
  4 orc wizards
  15 sheep
  A big kobold zombie (Ossuary)
  3 hound zombies
  2 hound skeletons
  4 mummies
  28 adders
  4 gnolls
  2 worker ant zombies (D:6)
  87 river rats
  2 shadow imps
  2 giant mites
  12 white imps (Lair:2)
  3 worms
  An adder skeleton (D:6)
  An adder zombie (Ossuary)
  9 giant geckos
  18 oozes
  34 orcs
  2 bat skeletons (D:2)
  3 bat zombies (D:2)
  14 hobgoblins
  19 jackals
  30 kobolds
  12 quokkas
  18 bats
  9 giant cockroaches
  2 giant newts (D:3)
  3 giant spores (D:10)
  25 goblins
  A goblin zombie (Ossuary)
  7 hobgoblin zombies (Ossuary)
  2 jackal zombies (Ossuary)
  14 kobold zombies (Ossuary)
  7 orc zombies
  9 rats
  23 ballistomycetes (D:10)
  A fungus (D:2)
  2 plants
737 creatures vanquished.

Vanquished Creatures (others)
  A giant spore (D:10)
  A plant (D:11)
2 creatures vanquished.

Grand Total: 739 creatures vanquished
